 Dungeon Crawl Stone Soup version 0.28.0-43-g3370ac3207 (webtiles) character file.

Game seed: 12880476945302946862

74 Rykito the Shield-Bearer (level 4, -4/41 HPs)
             Began as a Minotaur Fighter on Mar 2, 2022.
             Was a Plaything of Xom.
             Slain by a gnoll
             ... wielding a +0 spear
              (5 damage)
             ... on level 2 of the Dungeon.
             The game lasted 00:10:54 (1894 turns).

Rykito the Shield-Bearer (Minotaur Fighter)         Turns: 1894, Time: 00:10:56

Health: -4/41      AC:  4    Str: 23    XL:     4   Next: 9%
Magic:  3/3        EV:  9    Int:  7    God:    Xom [....*.]
Gold:   47         SH:  4    Dex:  9    Spells: 3/3 levels left

rFire   . . .      SeeInvis .   a - +0 long sword
rCold   . . .      Faith    .   c - +0 buckler
rNeg    . . .      Spirit   .   b - +0 scale mail
rPois   .          Reflect  .   (helmet restricted)
rElec   .          Harm     .   (no cloak)
rCorr   +          Rampage  .   (no gloves)
Will    .....                   (no boots)
Stlth   ..........              (no amulet)
HPRegen 0.13/turn               h - ring of resist corrosion
MPRegen 0.08/turn               (no ring)

@: mighty
A: horns 2, retaliatory headbutt, clever 1, deformed body
a: Renounce Religion


You were on level 2 of the Dungeon.
You worshipped Xom.
You were a beloved toy of Xom.
You visited 1 branch of the dungeon, and saw 2 of its levels.

You collected 47 gold pieces.

Inventory:

Hand Weapons
 a - a +0 long sword (weapon)
 i - a +0 hunting sling
 k - a +0 dagger
Missiles
 j - 25 stones (quivered)
Armour
 b - a +0 scale mail (worn)
 c - a +0 buckler (worn)
 n - +0 steam dragon scales
Jewellery
 h - a ring of resist corrosion (left hand)
Scrolls
 e - a scroll of summoning {unknown}
 g - a scroll of teleportation
 l - a scroll of blinking
 m - a scroll of fear {unknown}
Potions
 d - a potion of might
 o - 2 potions of brilliance {unknown}


   Skills:
 + Level 4.3 Fighting
 + Level 3.3 Long Blades
 + Level 4.3 Armour
 + Level 4.3 Shields


You had 3 spell levels left.
You didn't know any spells.
Your spell library was empty.

Dungeon Overview and Level Annotations

Branches:
Dungeon (2/15)

Altars:
Makhleb
Xom

Annotations:
D:2 Natasha


Innate Abilities, Weirdness & Mutations

You have a pair of horns on your head.
You reflexively headbutt those who attack you in melee.
Your mind is acute. (Int +2)
Armour fits poorly on your strangely shaped body.


Message History

The gnoll hits you with a +0 club. Natasha hits you.
The gnoll hits you with a +0 club. The gnoll hits you with a +0 club.
You barely miss the gnoll. The gnoll barely misses you.
You furiously retaliate!
You headbutt the gnoll! The gnoll hits you with a +0 club.
You block the gnoll's attack.
You hit the gnoll.
The gnoll is almost dead.
The gnoll hits you with a +0 club. x2
* * * LOW HITPOINT WARNING * * *
You feel much better. The gnoll hits you with a +0 club.
The gnoll hits you but does no damage.
You hit the gnoll.
You kill the gnoll!
The gnoll hits you with a +0 club. Natasha hits you.
The gnoll hits you but does no damage. The gnoll hits you with a +0 club.
You have reached level 4!
You feel stronger.
You barely miss Natasha. Your headbutt misses Natasha.
You block Natasha's attack.
The gnoll hits you from afar with a +0 spear.
The gnoll barely misses you.
You barely miss Natasha. Natasha closely misses you.
The gnoll hits you with a +0 club.
* * * LOW HITPOINT WARNING * * *
You block the gnoll's attack. Natasha hits you.
* * * LOW HITPOINT WARNING * * *
You feel very mighty all of a sudden. The gnoll hits you with a +0 club.
* * * LOW HITPOINT WARNING * * *
You block the gnoll's attack. Natasha hits you.
* * * LOW HITPOINT WARNING * * *
You closely miss Natasha. Natasha hits you.
* * * LOW HITPOINT WARNING * * *
The gnoll barely misses you. You furiously retaliate!
You headbutt the gnoll!
You kill the gnoll!
You block the gnoll's attack. Natasha closely misses you.
The gnoll hits you from afar with a +0 spear.
You die...
Xom laughs nastily!

...... #.......####
...### #.##..... .#
##.# ##..# .# ...#
#.. ..# #..#
..###..# #..# .....
...# #g.# ..##
###h)# ### #..@.# #
#.##.# #.##.##.#
#########.>.....#
###......#####.####
....####.# #.#
###.####.#####.#
#.#..........#
#.#.##.#######


You could see Natasha the howler monkey and a gnoll.

Vanquished Creatures
  Jessica (D:2)
  2 gnolls (D:2)
  2 adders (D:2)
  A dart slug (D:2)
  2 ball pythons
  2 endoplasms (D:1)
  2 giant cockroaches
  A goblin (D:2)
  A hobgoblin (D:2)
  3 frilled lizards
  2 kobolds (D:1)
  4 rats
23 creatures vanquished.

Notes
Turn   | Place    | Note
-------+----------+-------------------------------------------
     0 | D:1      | Rykito the Minotaur Fighter began the quest for the Orb.
     0 | D:1      | Reached XP level 1. HP: 19/19 MP: 0/0
   483 | D:1      | Found a faded altar of an unknown god.
   492 | D:1      | Prayed at the altar of an unknown god.
   492 | D:1      | Became a worshipper of Xom the Psychotic
   618 | D:1      | XOM: silly message
   911 | D:1      | Reached XP level 2. HP: 27/27 MP: 1/1
  1263 | D:1      | XOM: silly message
  1390 | D:2      | Noticed Jessica
  1394 | D:2      | XOM: noise
  1395 | D:2      | Killed Jessica
  1396 | D:2      | Reached XP level 3. HP: 33/33 MP: 2/2
  1396 | D:2      | Found a burning altar of Makhleb.
  1432 | D:2      | XOM: divination: detect items
  1479 | D:2      | XOM: summons 4 hostile shadow creatures
  1487 | D:2      | XOM: smoke on damage
  1806 | D:2      | XOM: give mutations
  1806 | D:2      | Gained mutation: Your mind is acute. (Int +2) [Xom's
                  | mischief]
  1806 | D:2      | Gained mutation: Armour fits poorly on your strangely
                  | shaped body. [Xom's mischief]
  1881 | D:2      | Noticed Natasha
  1883 | D:2      | Noticed Natasha
  1883 | D:2      | Natasha changed into Natasha the howler monkey
  1883 | D:2      | XOM: polymorph Natasha -> Natasha the howler monkey
  1891 | D:2      | Reached XP level 4. HP: 17/41 MP: 3/3
  1894 | D:2      | HP: 1/41 [Natasha the howler monkey (5)]
  1894 | D:2      | Slain by a gnoll

Illustrated notes

Levels and vault maps discovered:
D:1:      dpeg_arrival_rooms_c, layout_basic, ebering_ecumenical_altar_ruins,
          serial_rivers, chequers_serial_rivers_small_b,
          chequers_serial_rivers_room_b, chequers_serial_rivers_marsh,
          chequers_serial_rivers_micro_d, chequers_serial_rivers_small_3,
          minivault_23, solitary_fountain
D:2:      layout_loops_cross, basic_altar, uniq_jessica, uniq_natasha

Skill      XL: |  1  2 |
---------------+-------+-----
Fighting       | 4 |  4.3
Long Blades    | 3 |  3.3
Armour         | 4 |  4.3
Shields        | 4 |  4.3

Action                   |  1- 3 |  4- 6 || total
-------------------------+-------+-------++-------
Melee: Long sword        |    67 |     3 ||    70
       Headbutt          |     9 |       ||     9
  Use: Scroll            |     3 |       ||     3
       Potion            |     1 |     1 ||     2
Armor: Scale mail        |    26 |       ||    26
Dodge: Dodged            |    33 |     4 ||    37
Block: Buckler           |    19 |     4 ||    23
